 Dungeon Crawl Stone Soup version 0.26.1 (webtiles) character file.

Game seed: 5366630644453082839

211 Descartes the Conjurer (level 5, 0/31 HPs)
             Began as a Deep Elf Wanderer on Feb 4, 2021.
             Slain by an adder (1 damage)
             ... in a sewer.
             The game lasted 00:07:48 (2966 turns).

Descartes the Conjurer (Deep Elf Wanderer)          Turns: 2966, Time: 00:07:49

Health: 0/31       AC:  4    Str:  8    XL:     5   Next: 57%
Magic:  3/9        EV: 11    Int: 20    God:
Gold:   186        SH:  0    Dex: 15    Spells: 6/7 levels left

rFire    . . .     SeeInvis .   a - +0 shortbow
rCold    . . .     Faith    .   (shield currently unavailable)
rNeg     . . .     Spirit   .   e - +0 robe
rPois    .         Reflect  .   (no helmet)
rElec    .         Harm     .   (no cloak)
rCorr    .         Rampage  .   (no gloves)
Will     .....                  f - +1 pair of boots
Stlth    +.........             (no amulet)
HPRegen  0.10/turn              (no ring)
MPRegen  0.11/turn              (no ring)

@: lethally poisoned (0 -> -2), flying, very slightly contaminated, invisible
A: hooves 1, agile 1, subdued magic 1
a: no special abilities


You were in a sewer.
You visited 1 branch of the dungeon, and saw 3 of its levels.
You also visited: Sewer.

You collected 186 gold pieces.

Inventory:

Hand Weapons
 a - a +0 shortbow (weapon)
Missiles
 d - 24 arrows (quivered ammo)
 j - 54 stones
 k - 18 poisoned darts
Armour
 b - a cursed +0 plate armour
 e - a +0 robe (worn)
 f - a +1 pair of boots (worn)
Jewellery
 c - an uncursed ring of fire {unknown}
Scrolls
 h - a scroll of amnesia
 l - a scroll of magic mapping
 m - a scroll of remove curse {unknown}
 o - a scroll of fog {unknown}
 q - 2 scrolls of identify {unknown}
 v - a scroll of blinking
 w - 4 scrolls of fear {unknown}
Potions
 i - a potion of curing
 n - a potion of might {unknown}
 p - a potion of degeneration {unknown}
 r - a potion of brilliance {unknown}
 s - a potion of haste {unknown}
 u - a potion of flight


   Skills:
 - Level 2.4 Fighting
 - Level 2.6 Bows
 - Level 1.0 Throwing
 - Level 1.0 Shields
 - Level 1.5 Spellcasting
 + Level 6.0 Conjurations
 - Level 1.1 Transmutations
 - Level 1.1 Fire Magic


You had 6 spell levels left.
You knew the following spells:

 Your Spells              Type           Power        Failure   Level
a - Magic Dart            Conj           76%          1%          1

Your spell library contained the following spells:

 Spells                   Type           Power        Failure   Level
 Conjure Flame            Conj/Fire      12%          10%         3
 Summon Small Mammal      Summ           4%           14%         1
 Mephitic Cloud           Conj/Pois/Air  7%           19%         3
 Blink                    Tloc           N/A          22%         2
 Call Imp                 Summ           1%           22%         2
 Slow                     Hex            1%           22%         2
 Summon Guardian Golem    Hex/Summ       1%           41%         3


Dungeon Overview and Level Annotations

Branches:
Dungeon (3/15)              Sewer (1/1)

Altars:
Dithmenos
Elyvilon
Hepliaklqana
Wu Jian
Xom
Zin

Annotations:
D:3 Grinder


Innate Abilities, Weirdness & Mutations

You have large cloven feet.
You are agile. (Dex +2)
Your spells are a little easier to cast, but a little less powerful.


Message History

Casting: Magic Dart (safe; 1% risk of failure)
Confirm with . or Enter, or press ? or * to list all spells.
Aiming: Magic Dart (safe; 1% risk of failure)
Press: ? - help, Shift-Dir - straight line, f/p - river rat
Aim: a river rat (moderately wounded, 0% to evade)
Okay, then.
It was a potion of flight.
You feel very buoyant.
You fly up into the air.
The adder closely misses you.
The ball python bites you but does no damage.
The ball python barely misses you. The ball python constricts you.
The river rat completely misses you.
You escape the ball python's grasp.
The adder bites you but does no damage. The adder bites you.
* * * LOW HITPOINT WARNING * * *
You are lethally poisoned!
The adder poisons you!
* * * LOW HITPOINT WARNING * * *
You feel sick. The adder bites you.
You die...
S

.. ################### ...
###.#≈≈≈≈≈≈≈≈≈#≈≈≈≈≈#....
##...≈≈≈≈≈≈≈≈≈≈≈≈≈≈≈≈†....
##.....≈≈≈≈≈≈r≈[≈≈≈≈≈≈†....
#......≈≈≈≈≈≈S.[†≈≈≈≈≈≈†...
#......≈≈≈≈≈≈≈..≈≈≈≈≈≈....#
#......≈≈≈@SS≈#≈#≈≈≈≈≈†.###
#....####################
##...#### #....#..#
#....'..# #...##### ##...##
#....####################
#.....#≈≈≈≈≈≈≈≈.≈≈≈≈≈≈#.###


You could see an adder, a river rat and 2 ball pythons.

Vanquished Creatures
  Natasha (twice) (D:2)
  10 adders
  A dart slug (D:1)
  4 leopard geckos
  An orc (D:3)
  A giant cockroach (D:2)
  3 goblins
  6 hobgoblins
  2 jackals (D:3)
  7 kobolds
  2 quokkas (D:2)
  5 ball pythons (Sewer)
  3 bats
  5 frilled lizards
  27 rats
79 creatures vanquished.

Notes
Turn   | Place    | Note
-------+----------+-------------------------------------------
     0 | D:1      | Descartes the Deep Elf Wanderer began the quest for the
                  | Orb.
     0 | D:1      | Descartes set off with the following items: a +0 shortbow,
                  | 26 arrows, a +0 robe; and the following spells available to
                  | memorise: Magic Dart, Summon Small Mammal, Blink, Call Imp,
                  | Slow, Conjure Flame, Mephitic Cloud, Summon Guardian Golem
     0 | D:1      | Reached XP level 1. HP: 13/13 MP: 5/5
     2 | D:1      | Learned a level 1 spell: Magic Dart
   147 | D:1      | Reached skill level 1 in Conjurations
   231 | D:1      | Reached XP level 2. HP: 18/18 MP: 2/6
   232 | D:1      | Reached skill level 2 in Conjurations
   888 | D:1      | Reached skill level 3 in Conjurations
   888 | D:1      | Reached XP level 3. HP: 8/22 MP: 0/7
  1510 | D:2      | Reached skill level 4 in Conjurations
  1520 | D:2      | Reached XP level 4. HP: 27/27 MP: 1/8
  1720 | D:2      | Found a hazy altar of Hepliaklqana.
  1720 | D:2      | Found an ornate altar of the Wu Jian Council.
  1720 | D:2      | Found a white marble altar of Elyvilon.
  1720 | D:2      | Found a shimmering altar of Xom.
  1735 | D:2      | Noticed Natasha
  1738 | D:2      | Killed Natasha
  1767 | D:2      | Found a shadowy altar of Dithmenos.
  1772 | D:2      | Found a glowing silver altar of Zin.
  1799 | D:2      | Noticed Natasha
  1804 | D:2      | Killed Natasha
  1805 | D:2      | Reached skill level 5 in Conjurations
  1805 | D:2      | Reached XP level 5. HP: 27/31 MP: 3/9
  2133 | D:3      | Noticed Grinder
  2234 | D:3      | Found a glowing drain.
  2247 | Sewer    | Entered a sewer
  2958 | Sewer    | Reached skill level 6 in Conjurations
  2959 | Sewer    | Gained mutation: Your spells are a little easier to cast,
                  | but a little less powerful. [potion of mutation]
  2959 | Sewer    | Gained mutation: You are agile. (Dex +2) [potion of
                  | mutation]
  2959 | Sewer    | Gained mutation: You have large cloven feet. [potion of
                  | mutation]
  2966 | Sewer    | HP: 1/31 [poisoned by an adder]
  2966 | Sewer    | Slain by an adder

Illustrated notes

Levels and vault maps discovered:
D:1:      tarquinn_simple_flora_water_e, layout_rooms, minmay_misc_feat_encased,
          minivault_14
D:2:      layout_rooms, minmay_overflow_temple_hex, uniq_natasha
D:3:      layout_basic, portal_sewer_entry_d, uniq_sigmund, uniq_grinder
Sewer:    sewer_minmay_w

Skill      XL: |  1  2  3  4  5 |
---------------+----------------+-----
Conjurations   | 1 3 4 5 6 |  6.0
Fighting       | |  2.4
Bows           | |  2.6
Throwing       | |  1.0
Shields        | |  1.0
Spellcasting   | |  1.5
Transmutations | |  1.1
Fire Magic     | |  1.1

Action                   |  1- 3 |  4- 6 || total
-------------------------+-------+-------++-------
 Fire: Shortbow          |    15 |     1 ||    16
 Cast: Magic Dart        |    86 |   101 ||   187
  Use: Scroll            |       |     5 ||     5
       Potion            |       |     5 ||     5
Armor: Robe              |     4 |    21 ||    25
Dodge: Dodged            |    12 |    44 ||    56
